 Dungeon Crawl Stone Soup version 0.18.1-48-g4cf74bf (webtiles) character file.

9752 morgenmantel the Basher (level 11, 0/72 HPs)
             Began as a Gargoyle Berserker on Aug 20, 2016.
             Was a High Priest of Trog.
             Slain by a blink frog (5 damage)
             ... on level 1 of the Lair of Beasts on Aug 22, 2016.
             The game lasted 00:48:25 (10092 turns).

morgenmantel the Basher (Gargoyle Berserker)       Turns: 10092, Time: 00:48:26

Health: 0/72       AC: 19    Str: 22    XL:     11   Next: 51%
Magic:  0/11       EV: 11    Int:  7    God:    Trog [*****.]
Gold:   634        SH:  0    Dex: 12    Spells: 0 memorised, 10 levels left

rFire  + . .     SeeInvis +     N - +1 flail (drain)
rCold  + . .     Gourm    .     K - +1 ring mail {rF+}
rNeg   + . .     Faith    .     (no shield)
rPois  ∞         Spirit   +     (no helmet)
rElec  +         Dismiss  .     x - +1 cloak
rCorr  .         Reflect  .     A - +0 pair of gloves
SustAt .         Harm     .     (no boots)
MR     .....                    D - amulet of guardian spirit
Stlth  +.........               E - ring of protection from cold
                                C - ring of see invisible

@: very slightly contaminated, not resistant to hostile enchantments, very
unstealthy
A: negative energy resistance 1, electricity resistance, unbreathing,
petrification resistance, rot immunity, AC +7
a: Berserk, Trog's Hand, Brothers in Arms, Burn Spellbooks, Renounce Religion


You were on level 1 of the Lair of Beasts.
You worshipped Trog.
Trog was extremely pleased with you.
You were very hungry.

You visited 2 branches of the dungeon, and saw 11 of its levels.

You collected 634 gold pieces.

Inventory:

Hand Weapons
 a - a +0 whip
 b - a +2 flail
 z - a +1 whip of flaming
 N - a +1 flail of draining (weapon)
Missiles
 i - 74 stones (quivered)
Armour
 e - a +0 scale mail
 s - a cursed -2 chain mail
 u - the +3 leather armour "Fytaxav" {Int+5}
   (You found it on level 4 of the Dungeon)

   It affects your intelligence (+5).
 x - a +1 cloak (worn)
 A - a +0 pair of gloves (worn)
 K - a +1 ring mail of fire resistance (worn)
Jewellery
 n - an uncursed amulet of harm
 r - an uncursed ring of flight
 y - a +2 ring of dexterity {unknown}
 C - a ring of see invisible (left hand)
 D - an amulet of guardian spirit (around neck)
 E - a ring of protection from cold (right hand)
Wands
 m - a wand of heal wounds (7/9)
 B - a wand of disintegration (16/24)
 I - a wand of acid (6/15)
 L - a wand of confusion (36/48)
Scrolls
 h - 4 scrolls of teleportation
 t - 2 scrolls of enchant armour
 M - a scroll of fog {unknown}
 O - a scroll of identify
 S - 2 scrolls of magic mapping
 T - a scroll of remove curse
Potions
 d - 3 potions of magic
 f - a potion of agility
 g - 2 potions of flight {unknown}
 j - a potion of invisibility {unknown}
 p - 2 potions of haste {unknown}
 q - a potion of brilliance {unknown}
 H - a potion of resistance {unknown}
 J - 2 potions of degeneration {unknown}
 Q - 2 potions of lignification {unknown}
Books
 G - a book of Battle

   Spells                             Type                      Level
   a - Infusion                       Charms                       1
   b - Shroud of Golubria             Charms/Translocation         2
   c - Song of Slaying                Charms                       2
   d - Spectral Weapon                Hexes/Charms                 3
   e - Regeneration                   Charms/Necromancy            3
   Trog disapproves of the use of such an item.
 P - a book of Air

   Spells                             Type                      Level
   a - Shock                          Conjuration/Air              1
   b - Swiftness                      Charms/Air                   2
   c - Repel Missiles                 Charms/Air                   2
   d - Static Discharge               Conjuration/Air              3
   e - Lightning Bolt                 Conjuration/Air              5
   Trog disapproves of the use of such an item.
Miscellaneous
 o - a phial of floods
Comestibles
 c - 6 bread rations
 l - 3 meat rations
 v - 4 fruits
 R - a beef jerky


   Skills:
 + Level 9.7 Fighting
 * Level 12.0 Maces & Flails
 * Level 5.4 Throwing
 + Level 9.3 Armour
 - Level 2.1 Dodging


You had 10 spell levels left.
You didn't know any spells.

Dungeon Overview and Level Annotations

Branches:
Dungeon (10/15)            Temple (0/1) D:6            Lair (1/8) D:10
    Orc (0/2) D:9

Altars:
Cheibriados
Dithmenos
Elyvilon
Gozag
Makhleb
Okawaru
Ru
Sif Muna
Trog
Xom
Zin
Beogh

Shops:
D:4 [

Annotations:
D:4 wojtek's ghost, amateur KoAs
D:7 Erolcha


Innate Abilities, Weirdness & Mutations

You are resistant to torment.
Your stone body is resilient (AC +7).
You are immune to poison.
You resist negative energy.
You are resistant to electric shocks.
You can survive without breathing.
You are immune to petrification.
You are immune to rotting.


Message History

The blink frog barely misses you.
The blink frog hits you but does no damage.
You hit the blink frog but do no damage.
You drain the blink frog!
The blink frog is lightly wounded.
The blink frog barely misses you.
The blink frog blinks!
The blink frog hits you.
* * * LOW HITPOINT WARNING * * *
The blink frog hits you but does no damage.
You completely miss the blink frog.
The blink frog is moderately wounded.
The blink frog closely misses you.
The blink frog blinks!
You hit the blink frog.
The blink frog is moderately wounded.
The blink frog closely misses you.
The blink frog blinks!
The blink frog closely misses you. The blink frog completely misses you.
You closely miss the blink frog.
The blink frog is moderately wounded.
The blink frog hits you!
You die...

.#....######..#
†#....#...##..## ##
..........#....# .###
#..............# .....
#........##....## .....
#..##....####...## ......
†..#.÷...####.#.F##.....#
####..F...#.#.##F.......#
###........§..FF@........
#...........F..##.......F
...............##.....#..
#..##...........#######
.#.8..#..#P....##
......#..##...##
...8.8....#...#
......#....####
##.8.##....#


You could see 5 blink frogs.

Vanquished Creatures
  Pikel (D:5)
  2 spiny frogs (Lair:1)
  Grinder (D:5)
  A troll (D:9)
  3 blink frogs (Lair:1)
  Sigmund (D:6)
  2 wyverns (D:9)
  8 yaks (D:10)
  3 hippogriffs
  4 hungry ghosts
  Edmund (D:6)
  A mottled dragon (D:8)
  A water moccasin (D:8)
  A porcupine (Lair:1)
  3 orc warriors
  3 sky beasts
  2 ice beasts
  2 phantoms (D:7)
  A black bear (D:6)
  9 ogres
  3 wolves (Lair:1)
  A centaur (D:9)
  A crocodile (Lair:1)
  A wyvern zombie (D:8)
  A big kobold (D:9)
  9 giant frogs
  3 scorpions
  A killer bee (D:8)
  5 wights
  3 crimson imps
  5 hounds
  A quasit (D:7)
  A giant frog skeleton (D:9)
  5 orc priests
  2 jellies (D:7)
  6 orc wizards
  4 centaur skeletons
  Terence (D:2)
  4 iguanas
  6 worker ants
  A sheep (D:10)
  A hound zombie (D:4)
  A hound skeleton (D:9)
  A howler monkey zombie (D:7)
  A worker ant zombie (D:3)
  A howler monkey skeleton (D:6)
  8 gnolls
  13 adders
  3 shadow imps
  2 oozes (D:4)
  An adder skeleton (D:6)
  4 worms
  A dart slug (D:2)
  5 giant geckos
  19 orcs
  A bat zombie (D:1)
  4 giant cockroaches
  9 goblins
  4 hobgoblins
  5 jackals
  10 kobolds
  A quokka (D:2)
  2 ball pythons
  3 bats
  A giant cockroach zombie (D:1)
  3 giant newts
  2 quokka skeletons
  9 rats
229 creatures vanquished.

Vanquished Creatures (others)
  Eustachio (D:5)
  3 slaves (D:5)
  A centaur (D:5)
  A killer bee (D:7)
  A giant cockroach (D:5)
  A giant newt (D:5)
8 creatures vanquished.

Grand Total: 237 creatures vanquished

Notes
Turn   | Place    | Note
--------------------------------------------------------------
     0 | D:1      | morgenmantel the Gargoyle Berserker began the quest for the Orb.
     0 | D:1      | Reached XP level 1. HP: 14/14 MP: 1/1
   209 | D:1      | Reached XP level 2. HP: 13/19 MP: 2/2
   684 | D:2      | Found a shadowy altar of Dithmenos.
   762 | D:2      | Reached XP level 3. HP: 23/23 MP: 3/3
   913 | D:2      | Noticed Terence
   947 | D:2      | Killed Terence
  1092 | D:2      | Reached XP level 4. HP: 28/29 MP: 4/4
  1500 | D:2      | Reached ** piety under Trog
  2043 | D:3      | Reached skill level 4 in Maces & Flails
  2237 | D:3      | Found a deep blue altar of Sif Muna.
  2237 | D:3      | Found a burning altar of Makhleb.
  2239 | D:3      | Found an opulent altar of Gozag.
  2241 | D:3      | Found a sacrificial altar of Ru.
  2310 | D:4      | Reached XP level 5. HP: 29/33 MP: 5/5
  2356 | D:4      | Got a warped leather armour
  2367 | D:4      | Identified the +3 leather armour "Fytaxav" {Int+5} (You found it on level 4 of the Dungeon)
  2780 | D:4      | Noticed an ogre
  2966 | D:4      | Reached XP level 6. HP: 30/39 MP: 6/6
  3145 | D:4      | Found Dyshritz's Armour Shop.
  3185 | D:4      | Reached skill level 5 in Maces & Flails
  3382 | D:4      | Noticed wojtek's ghost (amateur KoAs)
  3387 | D:5      | Entered Level 5 of the Dungeon
  3413 | D:5      | Noticed Pikel
  3413 | D:5      | Reached *** piety under Trog
  3473 | D:5      | Killed Pikel
  3473 | D:5      | Reached skill level 5 in Fighting
  3473 | D:5      | Reached skill level 6 in Maces & Flails
  3473 | D:5      | Reached skill level 5 in Armour
  3473 | D:5      | Reached XP level 7. HP: 21/44 MP: 7/7
  3474 | D:5      | Reached XP level 8. HP: 24/50 MP: 8/8
  3723 | D:5      | Killed Eustachio
  3816 | D:5      | Found an opulent altar of Gozag.
  3824 | D:5      | Noticed an ogre
  3844 | D:5      | Killed an ogre
  3844 | D:5      | Reached skill level 7 in Maces & Flails
  4015 | D:5      | Noticed Grinder
  4030 | D:5      | Paralysed by Grinder for 2 turns
  4038 | D:5      | Killed Grinder
  4381 | D:5      | Reached skill level 8 in Maces & Flails
  4605 | D:5      | Found a shimmering altar of Xom.
  4749 | D:6      | Reached XP level 9. HP: 54/56 MP: 9/9
  5106 | D:6      | Found a white marble altar of Elyvilon.
  5305 | D:6      | Found a glowing silver altar of Zin.
  5459 | D:6      | Noticed Sigmund
  5476 | D:6      | Killed Sigmund
  5476 | D:6      | Reached skill level 9 in Maces & Flails
  5509 | D:6      | Found a staircase to the Ecumenical Temple.
  5541 | D:6      | Noticed a moth of wrath
  5544 | D:6      | Found a bloodstained altar of Trog.
  5622 | D:6      | Noticed Edmund
  5660 | D:6      | Killed Edmund
  5668 | D:6      | Found a deep blue altar of Sif Muna.
  6401 | D:7      | Found an iron altar of Okawaru.
  6569 | D:7      | Reached skill level 10 in Maces & Flails
  6697 | D:7      | Reached **** piety under Trog
  6697 | D:7      | Reached XP level 10. HP: 31/64 MP: 6/10
  7311 | D:8      | Noticed Erolcha
  7312 | D:8      | Reached skill level 1 in Throwing
  7364 | D:8      | Paralysed by Erolcha for 2 turns
  7907 | D:8      | Found a snail-covered altar of Cheibriados.
  8256 | D:9      | Reached skill level 11 in Maces & Flails
  8420 | D:9      | Found a staircase to the Orcish Mines.
  8766 | D:9      | Found a roughly hewn altar of Beogh.
  9129 | D:10     | Entered Level 10 of the Dungeon
  9183 | D:10     | Reached XP level 11. HP: 70/71 MP: 11/11
  9199 | D:10     | Reached ***** piety under Trog
  9243 | D:10     | Noticed a hill giant
  9569 | D:10     | Found a staircase to the Lair.
  9735 | Lair:1   | Entered Level 1 of the Lair of Beasts
  9921 | Lair:1   | Reached skill level 5 in Throwing
  9953 | Lair:1   | Reached skill level 12 in Maces & Flails
  9979 | Lair:1   | HP: 1/71 [spiny frog (8)]
 10092 | Lair:1   | Slain by a blink frog

Skill      XL: |  1  2  3  4  5  6  7  8  9 10 11 |
---------------+----------------------------------+-----
Dodging        | 2 |  2.1
Armour         | 3 5 6 7 8 9 |  9.3
Maces & Flails | 4 6 8 10 11 12 | 12.0
Fighting       | 4 5 6 8 9 |  9.7
Throwing       | 3 5 |  5.4

Action                   |  1- 3 |  4- 6 |  7- 9 | 10-12 || total
-------------------------+-------+-------+-------+-------++-------
Melee: Mace              |    95 |   254 |    10 |       ||   359
       Whip              |       |       |   223 |       ||   223
       Flail             |       |       |   152 |   551 ||   703
Throw: Stone             |       |       |       |    13 ||    13
Invok: Berserk           |       |     1 |     1 |       ||     2
       Trog's Hand       |       |       |       |     5 ||     5
  Use: Scroll            |       |     6 |    11 |     3 ||    20
       Potion            |       |       |       |     2 ||     2
  Eat: Chunk             |       |     8 |    15 |    13 ||    36
       Fruit             |       |       |     5 |       ||     5
       Meat ration       |       |       |     2 |     3 ||     5
       Pizza             |       |       |     2 |       ||     2
       Beef jerky        |       |       |     1 |       ||     1
       Bread ration      |       |       |       |     1 ||     1
Armor: Animal skin       |    11 |       |       |       ||    11
       Scale mail        |    38 |     2 |       |       ||    40
       Ring mail         |       |    43 |   126 |   310 ||   479
       Leather armour    |       |    65 |    76 |       ||   141
Dodge: Dodged            |    54 |   153 |   184 |   317 ||   708
